Map: Abiogenesis LE

Players

Hurricane - Winner!

  • Race: Protoss Protoss
  • League: Master
  • Spawn Location: 5:00

aLive

  • Race: Terran Terran
  • League: Grandmaster
  • Spawn Location: 11:00

Event: Memes & Dreams Invitational

VOD

Have the link to the VOD?

Description

Time

  • Played on: April 13, 2018, 1:48 a.m.
  • Length: 11:40

All games in this series

Show
View Real Time Build Order
Export as new Build Order

Hurricane Protoss - Winner!

Build Orders: 1 Gate Expand, Colossus Rush 

Get SALT Encoding   

  12  0:00  Probe  
  13  0:12  Probe  
  14  0:18  Pylon  
  14  0:25  Probe (Chrono Boost)  
  15  0:37  Probe (Chrono Boost)  
  15  0:38  Gateway  
  16  0:45  Probe (Chrono Boost)  
  16  0:46  Assimilator  
  17  0:51  Probe  
  18  1:03  Probe  
  19  1:15  Probe  
  20  1:23  Nexus  
  20  1:33  Cybernetics Core  
  20  1:37  Probe  
  21  1:42  Assimilator  
  21  1:49  Probe  
  21  1:53  Pylon  
  22  2:01  Probe  
  23  2:09  Warp Gate  
  23  2:10  Adept (Chrono Boost)  
  23  2:13  Probe  
  26  2:25  Probe  
  26  2:32  Stalker (Chrono Boost)  
  28  2:37  Probe  
  28  2:38  Probe  
  30  2:49  Probe  
  31  2:54  Robotics Facility  
  31  2:55  Probe  
  31  3:02  Probe, Stalker (Chrono Boost)  
  31  3:03  Probe  
  34  3:11  Probe  
  35  3:14  Probe  
  37  3:23  Probe  
  37  3:26  Probe  
  36  3:35  Probe  
  36  3:38  Probe, Immortal (Chrono Boost), Stalker  
  38  3:43  Probe  
  43  3:50  Probe, Pylon  
  43  3:51  Probe  
  44  4:02  Probe  
  43  4:10  Pylon  
  43  4:12  Probe  
  43  4:13  Warp Prism (Chrono Boost)  
  43  4:14  Probe  
  46  4:20  Gateway  
  46  4:21  Gateway  
  46  4:27  Pylon  
  46  4:28  Probe  
  46  4:31  Probe  
  48  4:37  Sentry  
  50  4:40  Probe  
  50  4:42  Assimilator, Observer  
  50  4:43  Probe, Assimilator  
  53  4:52  Probe (Chrono Boost)  
  54  4:54  Pylon  
  54  4:56  Robotics Bay  
  54  4:57  Probe (Chrono Boost)  
  55  5:03  Observer  
  55  5:04  Probe (Chrono Boost)  
  57  5:12  Probe (Chrono Boost)  
  57  5:13  Probe (Chrono Boost)  
  59  5:19  Probe  
  59  5:20  Probe, Forge  
  61  5:22  Pylon  
  61  5:23  Sentry, Twilight Council  
  61  5:25  Observer  
  64  5:31  Probe  
  65  5:43  Colossus (Chrono Boost)  
  65  5:44  Gateway  
  65  5:45  Gateway  
  71  5:59  Protoss Ground Weapons Level 1, Extended Thermal Lance  
  71  6:05  Observer  
  71  6:06  Observer  
  71  6:08  Observer  
  71  6:09  Probe  
  71  6:10  Probe  
  73  6:14  Blink (Chrono Boost)  
  73  6:15  Pylon, Gateway  
  73  6:18  Pylon  
  73  6:21  Shield Battery  
  73  6:24  Pylon  
  73  6:31  Colossus (Chrono Boost)  
  79  6:44  Stalker  
  79  6:45  Stalker x2  
  85  6:50  Pylon  
  85  6:51  Adept x2  
  89  7:02  Pylon  
  89  7:13  Colossus  
  95  7:18  Zealot x4  
  98  7:29  Probe x2  
  97  7:41  Probe  
  97  7:42  Probe  
  98  7:47  Nexus  
  98  7:50  Pylon  
  98  7:52  Sentry, Protoss Ground Armor Level 1  
  98  7:53  Stalker, Sentry  
  104  8:00  Stalker  
  104  8:05  Zealot  
  108  8:16  Zealot x2  
  108  8:19  Probe x2  
  112  8:25  Charge (Chrono Boost)  
  112  8:29  Templar Archives  
  112  8:34  Disruptor (Chrono Boost)  
  112  8:39  Probe x2  
  115  8:53  Probe x2  
  113  8:55  Observer  
  113  8:59  Gateway  
  113  9:01  Gateway  
  113  9:05  Disruptor  
  113  9:07  Probe x3  
  119  9:10  Pylon  
  119  9:18  Psionic Storm  
  119  9:22  Assimilator x2  
  119  9:23  Pylon  
  119  9:26  High Templar  
  119  9:30  Probe x3  
  124  9:32  High Templar  
  126  9:42  Stalker, Zealot x2  
  132  9:48  Shield Battery  
  132  9:49  Shield Battery  
  132  10:05  Observer  
  132  10:06  Disruptor  
  131  10:19  Probe  
  131  10:20  Probe x2  
  130  10:22  High Templar x2, Observer  
  130  10:23  Stalker x4  
  142  10:31  Pylon  
  142  10:37  Forge  
  142  10:38  Nexus  
  142  10:44  Disruptor  
  145  10:50  Stalker  
  145  10:51  Stalker, Zealot  
  139  11:22  Stalker x3, Zealot x5  
Show
View Real Time Build Order
Export as new Build Order

aLive Terran 

Build Orders: Cyclone Opening, MMM Bio 

Get SALT Encoding   

  12  0:00  SCV  
  13  0:12  SCV  
  14  0:17  Supply Depot  
  14  0:24  SCV  
  15  0:39  SCV  
  15  0:40  Barracks  
  16  0:45  Refinery  
  16  0:51  SCV  
  16  0:55  Refinery  
  17  1:03  SCV  
  18  1:15  SCV  
  19  1:27  Reaper  
  19  1:28  Orbital Command  
  20  1:35  Supply Depot  
  20  1:43  Factory  
  20  1:54  SCV  
  20  1:59  Reaper  
  22  2:06  SCV  
  23  2:19  SCV  
  24  2:27  Cyclone  
  27  2:31  SCV  
  27  2:39  Supply Depot  
  27  2:43  SCV  
  28  2:55  SCV  
  28  2:56  Command Center  
  29  3:06  Cyclone  
  29  3:07  SCV  
  33  3:17  Barracks  
  33  3:19  SCV  
  34  3:22  Barracks Tech Lab  
  34  3:31  SCV  
  35  3:41  Marine, Stimpack  
  36  3:43  SCV  
  37  3:48  Factory Reactor  
  37  3:49  Barracks  
  37  3:55  SCV  
  38  4:07  SCV  
  38  4:13  Marine  
  38  4:15  Orbital Command  
  38  4:18  Bunker  
  38  4:20  SCV  
  38  4:22  Starport  
  39  4:29  Marine  
  39  4:30  Marine  
  39  4:31  Marine  
  41  4:32  SCV  
  41  4:34  Factory Tech Lab  
  41  4:37  Marine  
  44  4:40  SCV  
  45  4:47  SCV  
  45  4:51  Marine x3, Supply Depot  
  50  4:52  SCV  
  50  5:01  Factory Reactor  
  50  5:03  Combat Shields, Marauder  
  50  5:04  Medivac  
  54  5:13  SCV x2  
  56  5:21  Supply Depot  
  56  5:22  Supply Depot, Marine x2, Engineering Bay  
  56  5:25  Marauder x2  
  62  5:30  SCV  
  62  5:36  Starport Reactor  
  62  5:39  SCV  
  61  5:43  SCV  
  61  5:44  Concussive Shells  
  61  5:46  Marine x2, Marauder  
  61  5:47  Widow Mine, Marauder  
  61  5:48  Widow Mine  
  70  5:52  SCV  
  71  6:06  Marine x2  
  71  6:08  SCV x2, Marauder  
  77  6:12  Supply Depot, Terran Infantry Weapons Level 1  
  77  6:14  Supply Depot  
  77  6:15  Marine  
  78  6:27  Refinery  
  78  6:29  Refinery  
  78  6:34  Marine x4, Medivac x2  
  78  6:35  SCV  
  87  6:46  SCV  
  88  6:48  SCV  
  88  6:52  Barracks  
  89  6:54  Barracks  
  89  6:55  Supply Depot  
  89  6:59  Supply Depot  
  89  7:00  Marine x2  
  91  7:03  Marauder  
  93  7:16  Widow Mine x2, Marauder  
  99  7:28  SCV x2  
  93  7:32  Medivac x2  
  97  7:40  Starport, SCV x2  
  97  7:44  Supply Depot  
  97  7:45  Barracks Tech Lab  
  97  7:46  Supply Depot, Barracks Reactor  
  97  7:56  SCV x2  
  99  7:59  Command Center  
  99  8:00  Supply Depot, Marine x2  
  99  8:01  Marauder x2  
  105  8:06  Terran Infantry Armor Level 1  
  105  8:07  Viking  
  105  8:09  Viking  
  105  8:12  Supply Depot  
  90  8:26  Marine x3  
  90  8:27  Marine  
  93  8:28  Viking x2  
  96  8:41  Viking x2  
  96  8:44  SCV  
  96  8:45  SCV  
  97  8:55  Marine x2  
  95  8:56  Marine x2  
  95  8:57  Marauder  
  95  8:58  Marauder  
  95  9:01  Marauder  
  105  9:11  SCV x2  
  107  9:18  Marine x3  
  107  9:19  Marine  
  111  9:25  Marauder x3  
  117  9:31  Orbital Command  
  117  9:35  Viking x2  
  121  9:38  Viking  
  121  9:41  Viking  
  125  9:45  SCV  
  125  9:46  SCV  
  123  9:55  Marine x2  
  123  9:56  Marine x2  
  123  9:57  Marauder x3, Orbital Command  
  123  9:58  Liberator x3  
  128  10:13  Liberator  
  127  10:31  Marine x4  
  127  10:34  Marauder x2  
  138  10:37  Marauder  
  127  11:05  Marine  
  123  11:17  Marine x4  
  123  11:18  Marauder x2  
Tags
 
Add a new tag
Caveats
  • Supply blocks, unpowered buildings, or Contaminate may cause inaccurate times.
  • Supply counts are checked every 10 seconds.